 Dungeon Crawl Stone Soup version 0.26-a0-487-gbff1e92059 (webtiles) character file.

Game seed: 544561743170593399

161 ANON1729 the Cudgeler (level 5, -5/53 HPs)
             Began as a Troll Berserker on Aug 2, 2020.
             Was a Believer of Trog.
             Slain by Robin
             ... wielding a +4 trident of flaming
              (6 damage)
             ... on level 3 of the Dungeon.
             The game lasted 00:02:46 (2297 turns).

ANON1729 the Cudgeler (Troll Berserker)             Turns: 2297, Time: 00:02:46

Health: -5/53      AC:  6    Str: 26    XL:     5   Next: 19%
Magic:  4/4        EV: 10    Int:  3    God:    Trog [**....]
Gold:   97         SH:  0    Dex:  9    Spells: 4/4 levels left

rFire    . . .     SeeInvis .   a - +0 mace
rCold    . . .     Faith    .   (no shield)
rNeg     . . .     Spirit   .   e - +0 robe (curse)
rPois    .         Reflect  .   (helmet restricted)
rElec    .         Harm     .   (no cloak)
rCorr    .                      (gloves unavailable)
MR       .....                  (boots unavailable)
Stlth    +.........             (no amulet)
HPRegen  0.57/turn              (no ring)
MPRegen  0.09/turn              (no ring)

@: berserk cooldown, slowed, very slow
A: large, unfitting armour, claws 3, regeneration 1, shaggy fur 1, tough skin 3
a: Berserk, Trog's Hand, Renounce Religion


You were on level 3 of the Dungeon.
You worshipped Trog.
Trog was pleased with you.
You visited 1 branch of the dungeon, and saw 3 of its levels.

You collected 97 gold pieces.

Inventory:

Hand Weapons
 a - a +0 mace (weapon)
Armour
 e - a cursed +0 robe (worn)
Scrolls
 b - a scroll of immolation {unknown}
 c - 7 scrolls of remove curse {unknown}
 h - 4 scrolls of identify {unknown}
 i - 6 scrolls of blinking {unknown}
 l - a scroll of teleportation {unknown}
 n - a scroll of enchant weapon {unknown}
Potions
 d - a potion of flight {unknown}
 f - 3 potions of curing {unknown}
 g - 2 potions of heal wounds {unknown}
 j - a potion of brilliance {unknown}
 k - a potion of degeneration {unknown}
 m - a potion of berserk rage {unknown}
 o - a potion of might {unknown}
 p - a potion of haste {unknown}


   Skills:
 * Level 3.4 Fighting
 * Level 3.8 Maces & Flails
 + Level 1.0 Armour
 + Level 3.1 Dodging


You had 4 spell levels left.
You didn't know any spells.
Your spell library was empty.

Dungeon Overview and Level Annotations

Branches:
Dungeon (3/15)

Altars:

Annotations:
D:3 1 runed translucent door, Crazy Yiuf, Robin


Innate Abilities, Weirdness & Mutations

You are too large for most types of armour.
You have claws for hands.
Your natural rate of healing is unusually fast.
You are covered in fur. (AC +1)
You have extremely tough skin. (AC +3)


Message History

You kill the goblin!
Trog accepts your kill.
You are no longer berserk.
You are exhausted.
You feel yourself slow down.
Robin hits you from afar with a +4 trident of flaming.
Robin burns you. The hobgoblin hits you with a +0 club.
* * * LOW HITPOINT WARNING * * *
The goblin closely misses you.
You closely miss the goblin.
Your skin stops crawling.
You feel less resistant to hostile enchantments.
Robin hits you from afar with a +4 trident of flaming!
* * * LOW HITPOINT WARNING * * *
Robin burns you.
* * * LOW HITPOINT WARNING * * *
The hobgoblin hits you but does no damage.
The goblin barely misses you.
Robin hits you from afar with a +4 trident of flaming.
You die...

#### # #.... #.
....?###.##
........
#.....#####.
#..)rg......
.### #g#
.....##@###.##.#
#..g†.......#
####.######.# .
#.# .# #.# ... .
.# #.## #.# # .#
#### #..# #.# #
.#+ ##..# ##.#
#.# #
..#####.#.####
#.# #.# #


You could see Robin, a hobgoblin (strong), a goblin and a rat.

Vanquished Creatures
  Natasha (D:3)
  An orc wizard (D:3)
  3 adders
  2 oozes
  3 worms (D:2)
  A leopard gecko (D:3)
  3 orcs (D:3)
  2 giant cockroaches
  11 goblins
  5 hobgoblins
  7 jackals
  4 kobolds
  3 quokkas (D:2)
  A ball python (D:3)
  8 bats
  3 frilled lizards
  6 rats
64 creatures vanquished.

Notes
Turn   | Place    | Note
-------+----------+-------------------------------------------
     0 | D:1      | ANON1729 the Troll Berserker began the quest for the Orb.
     0 | D:1      | Reached XP level 1. HP: 22/22 MP: 0/0
   209 | D:1      | Reached XP level 2. HP: 29/29 MP: 1/1
   853 | D:2      | Reached XP level 3. HP: 30/36 MP: 2/2
  1075 | D:2      | Reached ** piety under Trog
  1293 | D:2      | Reached XP level 4. HP: 45/45 MP: 3/3
  1640 | D:3      | Noticed Natasha
  1656 | D:3      | Killed Natasha
  1908 | D:3      | Found a runed translucent door.
  1909 | D:3      | Noticed Crazy Yiuf
  1983 | D:3      | Reached XP level 5. HP: 28/53 MP: 4/4
  2269 | D:3      | Noticed Robin
  2291 | D:3      | Reached skill level 1 in Armour
  2297 | D:3      | HP: 1/53 [Robin/+4 trident of flaming (3)]
  2297 | D:3      | Slain by Robin

Illustrated notes

Levels and vault maps discovered:
D:1:      denvon_arrival_waterhouse, layout_loops_ring, dk_noncrumbling_2,
          hangedman_decor_points, minmay_misc_feat_four_crosses
D:2:      layout_loops_ring, st_stairs_5, minmay_unequal
D:3:      layout_loops_ring, grunt_temple_overflow_cloverleaf, uniq_robin,
          uniq_crazy_yiuf_cottage, uniq_natasha

Skill      XL: |  1  2  3  4  5 |
---------------+----------------+-----
Maces & Flails | 3 |  3.8
Fighting       | 3 |  3.4
Dodging        | 3 |  3.1
Armour         | 1 |  1.0

Action                   |  1- 3 |  4- 6 || total
-------------------------+-------+-------++-------
Melee: Mace              |   132 |    97 ||   229
Invok: Berserk           |       |     1 ||     1
       Trog's Hand       |       |     1 ||     1
 Stab: Sleeping          |     2 |       ||     2
Armor: Robe              |   129 |    61 ||   190
       Animal skin       |     4 |       ||     4
Dodge: Dodged            |   150 |    83 ||   233

Table legend: (Time is in decaauts)
 A = Elapsed time spent in this place.
 B = Non-inter-level travel time spent in this place.
 C = Inter-level travel time spent in this place.
 D = Time resting spent in this place.
 E = Time spent auto-exploring this place.
 F = Levels seen in this place.
 G = Mean time per level.
                   A        B        C        D        E       F      G
               +--------+--------+--------+--------+--------+-----+--------+
         Total |   2343 |   2300 |     43 |    417 |   1347 |   3 |  781.0 |
       Dungeon |   2343 |   2300 |     43 |    417 |   1347 |   3 |  781.0 |
               +--------+--------+--------+--------+--------+-----+--------+

Top non-repeatable levels by time:
     D:2: 915 daAuts
     D:1: 749 daAuts
     D:3: 679 daAuts
